 Dungeon Crawl Stone Soup version 0.29.1-2-gbd0b4ee654 (webtiles) character file.

Game seed: 9071962781003981217

1384 sanboga the Chopper (level 8, -8/51 HPs)
             Began as a Gargoyle Berserker on Nov 13, 2022.
             Was a Believer of Trog.
             Killed by divine providence
             ... invoked by an orc priest
              (15 damage)
             ... on level 6 of the Dungeon on Nov 14, 2022.
             The game lasted 00:08:06 (7893 turns).

sanboga the Chopper (Gargoyle Berserker)            Turns: 7893, Time: 00:08:07

Health: -8/51      AC: 15    Str: 22    XL:     8   Next: 67%
Magic:  8/8        EV:  8    Int:  9    God:    Trog [**....]
Gold:   373        SH:  6    Dex:  9    Spells: 7/7 levels left

rFire   + . .      SeeInvis .   j - +0 hand axe (vorpal)
rCold   . . .      Faith    .   o - +2 buckler
rNeg    + . .      Spirit   .   h - +0 chain mail
rPois   ∞          Reflect  .   (no helmet)
rElec   +          Harm     .   (no cloak)
rCorr   .          Rampage  .   (no gloves)
Will    .....                   (no boots)
Stlth   ..........              a - amulet of the acrobat
HPRegen 0.17/turn               d - ring of protection from fire
MPRegen 0.11/turn               (no ring)

@: no status effects
A: sickness immunity, AC +5, negative energy resistance 1, electricity
resistance, torment resistance 1, petrification resistance
a: Renounce Religion, Berserk, Trog's Hand


You were on level 6 of the Dungeon.
You worshipped Trog.
Trog was pleased with you.
You visited 1 branch of the dungeon, and saw 6 of its levels.

You collected 373 gold pieces.

Inventory:

Hand Weapons
 j - a +0 vorpal hand axe (weapon)
 m - a +0 war axe
Armour
 h - a +0 chain mail (worn)
 o - a +2 buckler (worn)
Jewellery
 a - an amulet of the acrobat (around neck)
 d - a ring of protection from fire (left hand)
Wands
 b - a wand of flame (11)
Scrolls
 f - a scroll of poison {unknown}
 k - 4 scrolls of teleportation
 l - a scroll of blinking
 p - a scroll of enchant armour {unknown}
Potions
 e - 3 potions of berserk rage
 g - a potion of ambrosia
 i - a potion of resistance
 n - 2 potions of haste


   Skills:
 + Level 6.2 Fighting
 * Level 6.8 Axes
 + Level 5.6 Armour
 - Level 1.5 Dodging
 + Level 3.8 Shields


You had 7 spell levels left.
You didn't know any spells.
Your spell library was empty.

Dungeon Overview and Level Annotations

Branches:
Dungeon (6/15)
 Temple: D:4-7

Altars:
Fedhas


Innate Abilities, Weirdness & Mutations

You are immune to sickness and miasma.
Your stone body is resilient. (AC +5)
You are immune to poison.
You resist negative energy. (rN+)
You are resistant to electric shocks. (rElec)
You are resistant to unholy torment.
You are immune to petrification.


Message History

You feel invigorated.
You hit the orc priest but do no damage.
The orc priest hits you but does no damage.
You closely miss the orc priest.
The orc priest invokes the aid of Beogh against you.
Pain shoots through your body!
* * * LOW HITPOINT WARNING * * *
You see here 2 scrolls of immolation.
You bump into the tree.
The orc priest invokes the aid of Beogh against you.
Beogh smites you!
* * * LOW HITPOINT WARNING * * *
You miss the orc priest.
You feel less invigorated.
You feel less confused. You block the orc priest's attack.
You barely miss the orc priest.
You hit the orc priest but do no damage.
The orc priest barely misses you.
You slash the orc priest!
The orc priest is severely wounded.
The orc priest looks satisfied for a moment.
You barely miss the orc priest.
The orc priest is severely wounded.
The orc priest invokes the aid of Beogh against you.
You struggle to resist.
You hit the orc priest but do no damage.
The orc priest is severely wounded.
You block the orc priest's attack.
You hit the orc priest but do no damage.
The orc priest is severely wounded.
The orc priest barely misses you.
You closely miss the orc priest.
The orc priest is severely wounded.
The orc priest hits you with a +0 short sword.
* * * LOW HITPOINT WARNING * * *
You hit the orc priest.
The orc priest is almost dead.
The orc priest calls down the wrath of Beogh upon you.
Beogh smites you!
You die...

### # ##.. .#
#.####..# ###.#
........# . ..#
.....!..## .##.#
♣†@o####....#
♣♣♣..)...#..#####
♣♣♣).###......#
.♣......####.#
♣............†..#
♣♣♣♣...#######..#
♣♣..# #..###
...########†....
.................


You could see an orc priest.

Vanquished Creatures
  A water moccasin (D:6)
  An ice beast (D:5)
  A black bear (D:6)
  2 ogres
  A centaur (D:5)
  A phantom (D:6)
  A gnoll sergeant (D:4)
  2 scorpions
  A vampire bat (D:3)
  A howler monkey (D:5)
  A hound (D:4)
  4 jellies (D:5)
  4 orc priests
  An iguana (D:5)
  An orc wizard (D:5)
  6 gnolls (D:4)
  4 adders
  A shadow imp (D:5)
  A white imp (D:5)
  3 worms
  A dart slug (D:2)
  13 orcs
  7 endoplasms
  3 giant cockroaches
  3 goblins
  3 hobgoblins (D:4)
  4 jackals (D:2)
  3 kobolds
  5 quokkas
  3 ball pythons
  14 bats
  A frilled lizard (D:3)
  4 rats
102 creatures vanquished.

Vanquished Creatures (others)
  15 fungi
15 creatures vanquished.

Grand Total: 117 creatures vanquished

Notes
Turn   | Place    | Note
-------+----------+-------------------------------------------
     0 | D:1      | sanboga the Gargoyle Berserker began the quest for the Orb.
     0 | D:1      | Reached XP level 1. HP: 14/14 MP: 1/1
   818 | D:1      | Reached XP level 2. HP: 19/19 MP: 2/2
  1873 | D:2      | Reached XP level 3. HP: 23/23 MP: 3/3
  1916 | D:2      | Found a faded altar of an unknown god.
  2356 | D:3      | Reached XP level 4. HP: 24/29 MP: 4/4
  2897 | D:3      | Reached ** piety under Trog
  2898 | D:3      | Reached XP level 5. HP: 15/33 MP: 5/5
  3601 | D:4      | Reached XP level 6. HP: 10/39 MP: 6/6
  4104 | D:4      | Reached skill level 5 in Axes
  4129 | D:4      | Reached skill level 1 in Shields
  4749 | D:5      | Entered Level 5 of the Dungeon
  4750 | D:5      | Found a blossoming altar of Fedhas.
  4762 | D:5      | Reached XP level 7. HP: 28/44 MP: 7/7
  4890 | D:5      | Reached skill level 5 in Fighting
  7056 | D:5      | HP: 2/44 [orc/+0 war axe (5)]
  7390 | D:5      | Reached skill level 5 in Armour
  7390 | D:5      | Reached XP level 8. HP: 50/51 MP: 8/8
  7874 | D:6      | HP: 2/51 [orc priest/divine providence (10)]
  7893 | D:6      | Killed from afar by an orc priest

Illustrated notes

Levels and vault maps discovered:
D:1:      dpeg_arrival_lava_temple_mockup, layout_basic
D:2:      layout_loops_ring, shapermc_ecumenical_altar_gd
D:3:      layout_loops_ring, grunt_ministairs_10, roderic_batcave
D:4:      dreamdust_elfheim, layout_cave_pools
D:5:      minmay_inner_zag, layout_loops_cross, fedhas_bush_and_centaur_altar
D:6:      old_forge, layout_rooms, mainiacjoe_overflow_catch_the_wave

Skill      XL: |  1  2  3  4  5  6  7  8 |
---------------+-------------------------+-----
Axes           | 3 4 5 6 |  6.8
Fighting       | 4 5 6 |  6.2
Armour         | 3 4 5 |  5.6
Shields        | 1 2 3 |  3.8
Dodging        | |  1.5

Action                   |  1- 3 |  4- 6 |  7- 9 || total
-------------------------+-------+-------+-------++-------
Melee: Hand axe          |   130 |   139 |   222 ||   491
       Punch             |     3 |       |       ||     3
Invok: Berserk           |       |     2 |     2 ||     4
  Use: Scroll            |       |    10 |     3 ||    13
       Potion            |       |       |     6 ||     6
Armor: Chain mail        |   135 |    65 |    89 ||   289
       Animal skin       |     1 |       |       ||     1
Dodge: Dodged            |    80 |    41 |    79 ||   200
Block: Buckler           |       |    21 |    53 ||    74
